[Event "5th Cesme Open 2017"]
[Site "Cesme"]
[Date "2017.06.13"]
[Round "2"]
[White "Karabas, Baris"]
[Black "Akalin, Bilgehan"]
[Result "1/2-1/2"]
[ECO "A49"]
[WhiteElo "1598"]
[BlackElo "1419"]
[Annotator "NA RC"]
[PlyCount "144"]
[EventType "swiss"]
[EventCountry "TUR"]
[SourceTitle "playchess.com"]
[Source "ChessBase"]
[SourceQuality "1"]
[TimeControl "5400+30"]

1. d4 Nf6 2. Nf3 g6 3. g3 Bg7 4. Bg2 O-O 5. O-O c5 6. e3 Nc6 7. c4 d5 8. cxd5 Nxd5 9. dxc5 Ndb4 10. Nc3 Qa5 11. a3 Bxc3 12. bxc3 Na6 13. Qc2 Nxc5 14. Nd4 Ne5 15. c4 Qa4 16. Qxa4 Nxa4 17. Bd2 Nxc4 18. Bb4 Nd6 19. Bxd6 exd6 20. Nb5 Rd8 21. Rfd1 Nc5 22. Rac1 Be6 23. Rxd6 Rdc8 24. Nd4 Rab8 25. Nxe6 fxe6 26. Bh3 Kf7 27. Kg2 b6 28. Bg4 Rd8 29. Rc6 Rb7 30. h4 Rbd7 31. h5 Rd6 32. hxg6+ hxg6 33. Rc7+ R6d7 34. Rxd7+ Rxd7 35. Rc4 Rd3 36. a4 Ra3 37. Bd1 Ra2 38. Rf4+ Kg7 39. Rd4 Ra3 40. Bc2 Kf6 41. Rf4+ Kg5 42. Kf3 Rc3 43. Rg4+ Kf6 44. Bxg6 Nd3 45. Bxd3 Rxd3 46. Rc4 Rd5 47. Ke4 Ra5 48. f4 b5 49. axb5 Rxb5 50. Ra4 a5 51. g4 e5 52. g5+ Kg6 53. Rc4 exf4 54. exf4 Rb6 55. Kd4 Rd6+ 56. Kc5 Rd3 57. Kb5 Rf3 58. Kxa5 Kf5 59. Kb5 Kg6 60. Kc5 Kf5 61. Kd5 Rd3+ 62. Kc5 Rf3 63. Kd6 Re3 64. Kd5 Rd3+ 65. Rd4 Re3 66. Kd6 Re8 67. Kd7 Re3 68. Kd6 Re8 69. Rc4 Re3 70. Rc1 Kxf4 71. Rg1 Kf5 72. Kd7 Kg6 1/2-1/2

[Event "5th Cesme Open 2017"]
[Site "Cesme"]
[Date "2017.06.13"]
[Round "2"]
[White "Koca, Emirhan"]
[Black "Daloglu, Berkay"]
[Result "0-1"]
[ECO "B72"]
[WhiteElo "1566"]
[BlackElo "1659"]
[Annotator "NA RC"]
[PlyCount "90"]
[EventType "swiss"]
[EventCountry "TUR"]
[SourceTitle "playchess.com"]
[Source "ChessBase"]
[SourceQuality "1"]
[TimeControl "5400+30"]

1. e4 c5 2. Nf3 g6 3. Nc3 Bg7 4. d4 cxd4 5. Nxd4 Nc6 6. Be3 Nf6 7. Be2 O-O 8. Nb3 d6 9. f3 Bd7 10. Qd2 Re8 11. g4 Ne5 12. O-O-O Be6 13. g5 Nfd7 14. f4 Nc4 15. Bxc4 Bxc4 16. Bd4 f6 17. h4 Bf7 18. f5 Ne5 19. Bxe5 dxe5 20. Qg2 Qb6 21. Qg1 Qxg1 22. Rdxg1 Red8 23. Rg2 Rd6 24. Nc5 b6 25. Nd3 Rc8 26. h5 fxg5 27. hxg6 hxg6 28. Rxg5 Kf8 29. fxg6 Rxg6 30. Rf5 e6 31. Rf3 Ke7 32. Rhf1 Bg8 33. Kd1 Rf6 34. Kd2 Rxf3 35. Rxf3 Bf6 36. Ne2 Bf7 37. Nc3 Rh8 38. Nb5 a6 39. Na3 b5 40. Nc5 b4 41. Nxa6 bxa3 42. Rxa3 Rh2+ 43. Kc3 Be8 44. Nc5 Rh3+ 45. Nd3 Bc6 0-1

[Event "5th Cesme Open 2017"]
[Site "Cesme"]
[Date "2017.06.13"]
[Round "2"]
[White "Acikgoz, Onder"]
[Black "Ozcan, Kaan"]
[Result "1/2-1/2"]
[ECO "B01"]
[WhiteElo "1489"]
[BlackElo "1646"]
[Annotator "NA RC"]
[PlyCount "116"]
[EventType "swiss"]
[EventCountry "TUR"]
[SourceTitle "playchess.com"]
[Source "ChessBase"]
[SourceQuality "1"]
[TimeControl "5400+30"]

1. e4 d5 2. exd5 Qxd5 3. d4 Nf6 4. Nf3 Bg4 5. Be2 c6 6. c4 Qd8 7. Qb3 Qb6 8. Nc3 e6 9. Bf4 Nbd7 10. O-O Be7 11. Rfd1 O-O 12. h3 Bh5 13. Qc2 Bg6 14. Bd3 c5 15. Bxg6 hxg6 16. d5 exd5 17. cxd5 Bd6 18. Bxd6 Qxd6 19. Nd2 Nb6 20. Nde4 Qc7 21. Nxf6+ gxf6 22. Ne4 Qf4 23. Rac1 c4 24. g3 Qf5 25. Kg2 Rfd8 26. Nc3 Qxc2 27. Rxc2 Rac8 28. Rcd2 f5 29. d6 a6 30. a4 Rc6 31. Kf3 Nc8 32. d7 Ne7 33. a5 Kf8 34. Na4 Kg7 35. Nb6 c3 36. bxc3 Rxc3+ 37. Rd3 Rxd3+ 38. Rxd3 Nc6 39. Rd5 Kf6 40. Ke3 Ke6 41. Rc5 f6 42. f3 Ke7 43. g4 fxg4 44. fxg4 g5 45. Ke4 Ne5 46. Rc7 Nc6 47. Kd5 Nxa5 48. Nc8+ Kf7 49. Nd6+ Ke7 50. Nf5+ Kf7 51. Kd6 Nc6 52. Rxb7 Ne5 53. Rc7 a5 54. Nd4 a4 55. Nc6 Rxd7+ 56. Rxd7+ Nxd7 57. Kxd7 a3 58. Nb4 f5 1/2-1/2

[Event "5th Cesme Open 2017"]
[Site "Cesme"]
[Date "2017.06.13"]
[Round "3.16"]
[White "Gokerkan, Cem Kaan"]
[Black "Kerem, Halil Ozgun"]
[Result "1-0"]
[ECO "B96"]
[WhiteElo "2333"]
[BlackElo "2050"]
[Annotator "ChessBase"]
[PlyCount "121"]
[EventType "swiss"]
[EventCountry "TUR"]
[SourceTitle "playchess.com"]
[Source "ChessBase"]
[SourceQuality "1"]
[TimeControl "5400+30"]

1. e4 c5 2. Nf3 d6 3. d4 cxd4 4. Nxd4 Nf6 5. Nc3 a6 6. Bg5 e6 7. f4 Nbd7 8. Qe2 Qc7 9. O-O-O b5 10. a3 Bb7 11. g4 Be7 12. Bg2 Qc4 13. Qxc4 bxc4 14. Bf3 h6 15. Bxf6 Bxf6 16. h4 g5 17. hxg5 hxg5 18. Rxh8+ Bxh8 19. f5 Nc5 20. fxe6 fxe6 21. Be2 d5 22. exd5 exd5 23. Bf3 O-O-O 24. Nce2 Bf6 25. Nf5 Ne6 26. Ne3 Nc7 27. Nd4 Bxd4 28. Rxd4 Ne6 29. Rd1 Nf4 30. Nxc4 d4 31. Bxb7+ Kxb7 32. Ne5 Rd5 33. Nd3 Ng2 34. Kd2 Ne3 35. Rg1 Kb6 36. b3 Rd6 37. Ne5 Rh6 38. Nf3 Kc5 39. Kd3 Rh3 40. Nxg5 Rh2 41. c3 Nd5 42. cxd4+ Kc6 43. Rc1+ Kd7 44. Ne4 Rh3+ 45. Kc4 Ne3+ 46. Kb4 Nxg4 47. Nc5+ Kd6 48. Nxa6 Kd5 49. Nc7+ Kd6 50. Nb5+ Kd5 51. Rc5+ Ke4 52. Nc3+ Ke3 53. d5 Ne5 54. Rc8 Kd4 55. a4 Nd3+ 56. Kb5 Ne5 57. a5 Rxc3 58. Rxc3 Kxc3 59. a6 Nf7 60. a7 Nd6+ 61. Kc6 1-0

[Event "5th Cesme Open 2017"]
[Site "Cesme"]
[Date "2017.06.13"]
[Round "3.17"]
[White "Kuruz, Yusuf"]
[Black "Ozen, Bahadir"]
[Result "0-1"]
[ECO "E62"]
[WhiteElo "1886"]
[BlackElo "2332"]
[Annotator "NA"]
[PlyCount "68"]
[EventType "swiss"]
[EventCountry "TUR"]
[SourceTitle "playchess.com"]
[Source "ChessBase"]
[SourceQuality "1"]
[TimeControl "5400+30"]

1. d4 g6 2. g3 Bg7 3. Bg2 d6 4. c4 Nf6 5. Nc3 O-O 6. Nf3 c6 7. O-O Bf5 8. Nh4 Be6 9. d5 cxd5 10. cxd5 Bd7 11. h3 Na6 {[%emt 0:01:30] E62: King's Indian: Fianchetto: 6...c6 and Panno Variation (6...Nc6) without ...a6} 12. Be3 Qa5 13. a3 {[%emt 0:02:30] LiveBook: 7 Games} Rfc8 14. b4 (14. Bd4 Qd8 15. Re1 Nc7 16. Qb3 Nh5 17. Bxg7 Kxg7 18. e4 Kg8 19. e5 dxe5 20. Rxe5 {1-0 (36) Navara,D (2742)-Suran,J (2421) Prague 2016}) 14... Qd8 $1 15. Rc1 Nc7 $146 ({Predecessor:} 15... Rc4 16. Qb3 Rac8 17. Na2 Rxc1 18. Rxc1 Rxc1+ 19. Nxc1 {½-½ (31) Svetlov,D (2396)-Klukin,K (2225) Moscow 2015}) 16. Qd3 Qe8 17. Bd4 Nb5 18. Nxb5 Bxb5 19. Qe3 Bc4 20. Bxa7 (20. g4 $11 {remains equal.}) 20... Nxd5 21. Bxd5 Bxd5 22. Ng2 (22. Nf3 $17) 22... e5 23. Bb6 Qe6 24. Kh2 (24. Rxc8+ {was worth a try.} Qxc8 25. g4) 24... Bc4 25. Ba5 $2 (25. f4) 25... d5 26. f4 d4 27. Qe4 Bd5 28. Rxc8+ Rxc8 29. Qd3 Bxg2 30. Kxg2 b6 $19 31. Bxb6 Qxb6 32. fxe5 Bxe5 33. Qb3 Qb7+ 34. Kh2 Rc3 0-1

[Event "5th Cesme Open 2017"]
[Site "Cesme"]
[Date "2017.06.13"]
[Round "3.18"]
[White "Grigoriev, Armen"]
[Black "Demirbas, Emre"]
[Result "1-0"]
[ECO "A16"]
[WhiteElo "2105"]
[BlackElo "1973"]
[Annotator "NA RC"]
[PlyCount "82"]
[EventType "swiss"]
[EventCountry "TUR"]
[SourceTitle "playchess.com"]
[Source "ChessBase"]
[SourceQuality "1"]
[TimeControl "5400+30"]

1. c4 Nf6 2. Nc3 g6 3. g3 Bg7 4. Bg2 O-O 5. d3 c6 6. e4 {[%emt 0:00:00] LiveBook: 103 Games} d6 7. Nge2 Nbd7 8. O-O Qc7 {[%emt 0:00:30] A16: English Opening: 1...Nf6 with ...d5} (8... e5 9. h3 a6 10. Be3 b5 11. b4 Rb8 12. cxb5 axb5 13. a4 bxa4 14. Qxa4 Bb7 15. Qc2 Qe7 16. Ra7 Rfc8 17. Na4 Ba8 18. Nb6 {1-0 (18) Cvetkovic,S (2395)-Masic,P (2372) Belgrade 2012}) 9. h3 a6 10. a4 Rb8 $146 ({Predecessor:} 10... e5) 11. a5 b5 12. axb6 Nxb6 13. Be3 c5 14. Qd2 Bb7 15. Rfb1 a5 (15... Nfd7 $14) 16. Nb5 Qc6 (16... Qd7 $16) 17. Rxa5 Ra8 18. Rba1 Nfd7 19. Rxa8 Rxa8 20. Rxa8+ Nxa8 21. b3 Nc7 22. Nbc3 (22. Qa5 $142 Nxb5 23. cxb5) 22... Qb6 23. Qd1 Qa5 24. Nd5 Nxd5 25. exd5 Qa2 26. d4 cxd4 (26... Qa3 $16 27. h4 Bc8) 27. Bxd4 Bxd4 28. Nxd4 Nc5 29. Bf1 (29. b4 $18 Nd7 30. Bf1) 29... Qb2 30. Nc6 Bxc6 $18 (30... Qxb3 $14 31. Nxe7+ Kf8 32. Qxb3 Nxb3) 31. dxc6 Ne6 32. c5 Qa3 33. cxd6 exd6 34. Bc4 Qc5 35. Qf3 Kg7 36. h4 h5 37. Bd5 Nd8 38. b4 Qc1+ 39. Kg2 f6 40. Qe4 Kf8 41. Qxg6 Nxc6 1-0

[Event "5th Cesme Open 2017"]
[Site "Cesme"]
[Date "2017.06.13"]
[Round "3.20"]
[White "Morchiashvili, Bachana"]
[Black "Unlu, Alp Bugra"]
[Result "1-0"]
[ECO "E92"]
[WhiteElo "2403"]
[BlackElo "1887"]
[Annotator "ChessBase"]
[PlyCount "60"]
[EventType "swiss"]
[EventCountry "TUR"]
[SourceTitle "playchess.com"]
[Source "ChessBase"]
[SourceQuality "1"]
[TimeControl "5400+30"]

1. d4 Nf6 2. c4 g6 3. Nc3 Bg7 4. Nf3 O-O 5. e4 d6 6. h3 e5 7. d5 a5 8. Bg5 Na6 9. Nd2 Qe8 10. Be2 h6 11. Be3 Nd7 12. g4 Ndc5 13. Nb3 f5 14. Nxc5 Nxc5 15. gxf5 gxf5 16. Rg1 Rf6 17. exf5 Bxf5 18. Qd2 Kh8 19. O-O-O Rg6 20. h4 Rxg1 21. Rxg1 Qf8 22. Rg3 Qf6 23. h5 e4 24. Nb5 Nd7 25. Nxc7 Rc8 26. Ne6 Bxe6 27. Rg6 Qf8 28. Bxh6 Bxh6 29. Rxh6+ Kg8 30. Qg5+ Kf7 1-0

[Event "5th Cesme Open 2017"]
[Site "Cesme"]
[Date "2017.06.13"]
[Round "3.21"]
[White "Daloglu, Berkay"]
[Black "Alkan, Sukru"]
[Result "0-1"]
[ECO "A12"]
[WhiteElo "1659"]
[BlackElo "1571"]
[Annotator "NA"]
[PlyCount "116"]
[EventType "swiss"]
[EventCountry "TUR"]
[SourceTitle "playchess.com"]
[Source "ChessBase"]
[SourceQuality "1"]
[TimeControl "5400+30"]

1. Nf3 d5 2. c4 c6 3. b3 Bf5 4. Bb2 e6 5. g3 Nf6 6. Bg2 Be7 7. O-O h6 8. d3 O-O 9. Nbd2 Nbd7 10. Re1 Bh7 11. Rc1 Re8 12. d4 Ne4 13. Nxe4 Bxe4 14. Nd2 Bxg2 15. Kxg2 Bb4 16. a3 Ba5 17. b4 Bc7 18. e4 dxc4 19. Nxc4 Nb6 20. Qc2 Qg5 21. Qd2 Qb5 22. Qe2 Rad8 23. Na5 Qxe2 24. Rxe2 Na4 25. Nxb7 Rd7 26. Rxc6 Nxb2 27. Rxb2 Bb6 28. Nd6 Red8 29. Nb5 Bxd4 30. Rbc2 Bb6 31. a4 Rd2 32. Rc8 Rxc2 33. Rxc2 a6 34. Nc7 Rc8 35. Rc6 Bxc7 36. b5 axb5 37. axb5 Rb8 38. Rxc7 Rxb5 39. Rc8+ Kh7 40. h4 h5 41. Kf3 Kg6 42. Rc4 f6 43. g4 Rb3+ 44. Kg2 hxg4 45. e5 Kf5 46. exf6 gxf6 47. Rc7 Rh3 48. Rh7 e5 49. Rh8 e4 50. Rh7 e3 51. fxe3 Rxe3 52. Rh8 Kf4 53. Rg8 Rh3 54. Rh8 f5 55. Rh7 Ra3 56. Rb7 Ra2+ 57. Kh1 Kg3 58. Rf7 Ra1# 0-1

[Event "5th Cesme Open 2017"]
[Site "Cesme"]
[Date "2017.06.13"]
[Round "3.22"]
[White "Katipoglu, Engin"]
[Black "Ekici, Caner"]
[Result "1/2-1/2"]
[ECO "D37"]
[WhiteElo "1569"]
[BlackElo "1681"]
[Annotator "NA RC"]
[PlyCount "112"]
[EventType "swiss"]
[EventCountry "TUR"]
[SourceTitle "playchess.com"]
[Source "ChessBase"]
[SourceQuality "1"]
[TimeControl "5400+30"]

1. d4 d5 2. Bf4 Nf6 3. e3 c6 4. c4 e6 5. Nc3 Nbd7 6. Nf3 Be7 7. h3 O-O 8. Bd3 dxc4 9. Bxc4 b5 10. Bd3 Bb7 11. O-O a5 12. Rc1 Qb6 13. e4 Rfd8 14. Be3 Ba6 15. Qe2 Qb7 16. e5 Nd5 17. Nxd5 cxd5 18. Ng5 Nf8 19. Qh5 Bxg5 20. Bxg5 Rdc8 21. Qg4 b4 22. Bxa6 Qxa6 23. h4 Rc4 24. h5 Rac8 25. Bf6 g6 26. Qf4 Rxc1 27. Rxc1 Rxc1+ 28. Qxc1 Qe2 29. Qh6 Qd1+ 30. Kh2 Qxh5+ 31. Qxh5 gxh5 32. b3 Nd7 33. Bd8 Nb8 34. Bxa5 Nc6 35. Bb6 Kg7 36. Kg3 Kg6 37. Kh4 Ne7 38. Bc5 Nc6 39. f3 Kh6 40. Kg3 Kg5 41. f4+ Kf5 42. Kf3 h4 43. Bb6 Nb8 44. Ba5 Nc6 45. Bb6 Nb8 46. Ba5 Nc6 47. Bb6 Nb8 48. Bc7 Nc6 49. Bb6 Nb8 50. Bc7 Nc6 51. Bb6 Nb8 52. Ba7 Nc6 53. Bc5 h5 54. Bb6 Kg6 55. Bc5 Kf5 56. Bb6 Kg6 1/2-1/2

[Event "5th Cesme Open 2017"]
[Site "Cesme"]
[Date "2017.06.13"]
[Round "3.23"]
[White "Ersoy, Bora"]
[Black "Turkol, Efe Doruk"]
[Result "1-0"]
[ECO "E00"]
[WhiteElo "1675"]
[BlackElo "1378"]
[Annotator "NA RC"]
[PlyCount "93"]
[EventType "swiss"]
[EventCountry "TUR"]
[SourceTitle "playchess.com"]
[Source "ChessBase"]
[SourceQuality "1"]
[TimeControl "5400+30"]

1. d4 Nf6 2. c4 e6 3. Bg5 Be7 4. Nc3 b6 5. e4 Bb7 6. Bxf6 Bxf6 7. Nf3 O-O 8. Bd3 d5 9. e5 Be7 10. Qc2 g6 11. O-O-O Na6 12. a3 Rc8 13. cxd5 exd5 14. h4 c5 15. h5 Kg7 16. e6 Bg5+ 17. Kb1 Qf6 18. exf7 cxd4 19. hxg6 h6 20. Nxd4 Nc5 21. Nf5+ Kxg6 22. Nd6+ Kg7 23. Nxc8 Rxc8 24. Bf5 Rd8 25. g4 d4 26. Ne4 Nxe4 27. Bxe4 Qxf7 28. Bxb7 Qxb7 29. Rhe1 Qd7 30. Qe4 d3 31. f4 d2 32. Rh1 Qxg4 33. Rhg1 Qh4 34. Rxg5+ hxg5 35. Qe7+ Kg6 36. Qxd8 Qxf4 37. Qxd2 Qg3 38. Qd3+ Qxd3+ 39. Rxd3 Kf5 40. Kc2 g4 41. Rd8 g3 42. Kc3 Kf4 43. Kc4 Kf3 44. Rg8 g2 45. Kb5 Kf2 46. Ka6 g1=Q 47. Kxa7 1-0

[Event "5th Cesme Open 2017"]
[Site "Cesme"]
[Date "2017.06.13"]
[Round "3.24"]
[White "Yildirim, Mehmet Fatih"]
[Black "Rahmani, Jamshid"]
[Result "0-1"]
[ECO "B08"]
[WhiteElo "1529"]
[BlackElo "1692"]
[Annotator "NA RC"]
[PlyCount "130"]
[EventType "swiss"]
[EventCountry "TUR"]
[SourceTitle "playchess.com"]
[Source "ChessBase"]
[SourceQuality "1"]
[TimeControl "5400+30"]

1. e4 d6 2. d4 Nf6 3. Nc3 g6 4. Nf3 Bg7 5. Be2 O-O 6. O-O Nbd7 7. e5 dxe5 8. dxe5 Ng4 9. e6 fxe6 10. Ng5 Ndf6 11. Bxg4 Qxd1 12. Bxd1 Nd5 13. Nxd5 exd5 14. c3 e5 15. Nf3 c5 16. Bb3 c4 17. Bd1 Bd7 18. Be3 b6 19. h3 Bf5 20. Be2 Rad8 21. Rad1 Rd7 22. Rxd5 Rxd5 23. Bxc4 Rfd8 24. Rd1 Be6 25. Bxd5 Rxd5 26. Rxd5 Bxd5 27. b3 Be4 28. Nd2 Bd3 29. f3 Kf7 30. g4 Bf6 31. g5 Be7 32. b4 Ke6 33. Ne4 Kd5 34. Nd2 b5 35. h4 a6 36. Kf2 Bd6 37. a3 Bc7 38. Bc5 a5 39. Ke3 Bf5 40. Ba7 a4 41. Bc5 Bd8 42. Ba7 h6 43. gxh6 Bxh4 44. Ke2 Bf6 45. Be3 g5 46. Bc5 g4 47. fxg4 Bxg4+ 48. Kf2 Bf5 49. Kf3 Bg6 50. Nf1 e4+ 51. Kf4 Bxc3 52. Kg5 Bh7 53. Ne3+ Ke6 54. Ng4 Bb2 55. Bf8 Kf7 56. Bc5 Bxa3 57. Bd4 Bxb4 58. Ne5+ Ke6 59. Ng6 Bd2+ 60. Kh5 Bxg6+ 61. Kxg6 Bxh6 62. Kxh6 Kd5 63. Be3 a3 64. Bc1 a2 65. Bb2 e3 0-1

[Event "5th Cesme Open 2017"]
[Site "Cesme"]
[Date "2017.06.14"]
[Round "4.12"]
[White "Eminov, Orkhan"]
[Black "Arat, Ufuk Sezen"]
[Result "0-1"]
[ECO "B25"]
[WhiteElo "2290"]
[BlackElo "2398"]
[Annotator "ChessBase"]
[PlyCount "62"]
[EventType "swiss"]
[EventCountry "TUR"]
[SourceTitle "playchess.com"]
[Source "ChessBase"]
[SourceQuality "1"]
[TimeControl "5400+30"]

1. e4 g6 2. Nc3 Bg7 3. g3 c5 4. Bg2 Nc6 5. d3 d6 6. Be3 Nf6 7. h3 O-O 8. Nf3 Rb8 9. Qd2 b5 10. O-O Re8 11. Bh6 Bh8 12. Nh4 b4 13. Nd1 d5 14. exd5 Nxd5 15. Ne3 Be6 16. Nc4 Qd7 17. Kh2 Nb6 18. Nxb6 axb6 19. f4 Bd5 20. f5 Bxg2 21. Qxg2 Bxb2 22. Rae1 Bf6 23. Qe4 Ra8 24. fxg6 hxg6 25. Nxg6 Rxa2 26. Qc4 b3 27. Re2 Rxc2 28. Rxc2 bxc2 29. Nf4 Nd4 30. g4 Be5 31. Kg2 Qc6+ 0-1

[Event "5th Cesme Open 2017"]
[Site "Cesme"]
[Date "2017.06.14"]
[Round "4.14"]
[White "Sahin, Doga Boran"]
[Black "Morchiashvili, Bachana"]
[Result "1/2-1/2"]
[ECO "B94"]
[WhiteElo "2072"]
[BlackElo "2403"]
[Annotator "ChessBase"]
[PlyCount "62"]
[EventType "swiss"]
[EventCountry "TUR"]
[SourceTitle "playchess.com"]
[Source "ChessBase"]
[SourceQuality "1"]
[TimeControl "5400+30"]

1. e4 c5 2. Nf3 d6 3. d4 cxd4 4. Nxd4 Nf6 5. Nc3 a6 6. Bg5 Nbd7 7. f4 g6 8. Qf3 Bg7 9. O-O-O O-O 10. h4 e5 11. Nb3 exf4 12. Rxd6 Qe7 13. Rd2 Ne5 14. Qxf4 h6 15. Bxf6 Qxf6 16. Qxf6 Bxf6 17. Nd5 Bg7 18. Ne7+ Kh7 19. Nxc8 Raxc8 20. Be2 h5 21. Kb1 Rfe8 22. Rf1 Re7 23. Rd5 Nc4 24. Bxc4 Rxc4 25. Nd2 Rb4 26. b3 Rb6 27. c4 Rf6 28. Nf3 Kh6 29. e5 Rf4 30. Re1 Rg4 31. Rd2 b5 1/2-1/2

[Event "5th Cesme Open 2017"]
[Site "Cesme"]
[Date "2017.06.14"]
[Round "4.18"]
[White "Ainutdinov, Alexander"]
[Black "Kilic, Efe Mert"]
[Result "1-0"]
[ECO "C46"]
[WhiteElo "2007"]
[BlackElo "2331"]
[Annotator "ChessBase"]
[PlyCount "63"]
[EventType "swiss"]
[EventCountry "TUR"]
[SourceTitle "playchess.com"]
[Source "ChessBase"]
[SourceQuality "1"]
[TimeControl "5400+30"]

1. e4 e5 2. Nf3 Nc6 3. Nc3 g6 4. d4 exd4 5. Nxd4 Bg7 6. Be3 Nge7 7. Bc4 Na5 8. Be2 d6 9. Qd2 a6 10. Bg5 f6 11. Bh6 O-O 12. Bxg7 Kxg7 13. Nd5 Nac6 14. O-O Nxd5 15. exd5 Nxd4 16. Qxd4 Re8 17. Rfe1 Bd7 18. f4 b5 19. Bf3 Qb8 20. Rxe8 Qxe8 21. Kf2 Qb8 22. Re1 Kf7 23. Qe3 Qb6 24. Kf1 Qxe3 25. Rxe3 b4 26. Ke2 Rb8 27. Kd3 Rb5 28. Kd4 Rc5 29. c4 Bf5 30. a3 bxa3 31. b4 Bd3 32. Rxd3 1-0

[Event "5th Cesme Open 2017"]
[Site "Cesme"]
[Date "2017.06.14"]
[Round "4.19"]
[White "Ozsakallioglu, Okan"]
[Black "Arman, Deniz"]
[Result "1-0"]
[ECO "B44"]
[WhiteElo "1925"]
[BlackElo "2324"]
[Annotator "RC"]
[PlyCount "79"]
[EventType "swiss"]
[EventCountry "TUR"]
[SourceTitle "playchess.com"]
[Source "ChessBase"]
[SourceQuality "1"]
[TimeControl "5400+30"]

1. e4 c5 2. Nf3 e6 3. c4 Nc6 4. Nc3 Nf6 5. d4 cxd4 6. Nxd4 Bb4 7. Nxc6 bxc6 8. Bd3 e5 9. O-O O-O 10. Bd2 a5 11. a3 Be7 12. Qe2 d6 13. b4 axb4 14. axb4 Bg4 15. Rxa8 Qxa8 16. f3 Be6 17. b5 Nd7 18. Be3 Qa3 19. Nb1 Qa4 20. Rc1 cxb5 21. Nc3 Qa8 22. cxb5 Rb8 23. Qb2 Bd8 24. Ra1 Qb7 25. Ra7 Qc8 26. Na4 Nc5 27. Nxc5 dxc5 28. Qxe5 c4 29. Bc2 Bf6 30. Qc5 Qd8 31. b6 Rc8 32. Rc7 Rb8 33. e5 Bg5 34. f4 Bh6 35. b7 g6 36. Qd6 Qe8 37. Re7 Qd8 38. Qxd8+ Rxd8 39. Ba7 Bf8 40. Rc7 1-0

[Event "5th Cesme Open 2017"]
[Site "Cesme"]
[Date "2017.06.14"]
[Round "4.21"]
[White "Yenil, Mucahit"]
[Black "Ersoy, Bora"]
[Result "0-1"]
[ECO "D04"]
[WhiteElo "1606"]
[BlackElo "1675"]
[Annotator "NA"]
[PlyCount "76"]
[EventType "swiss"]
[EventCountry "TUR"]
[SourceTitle "playchess.com"]
[Source "ChessBase"]
[SourceQuality "1"]
[TimeControl "5400+30"]

1. d4 d5 2. Nf3 Bf5 3. e3 e6 4. Nbd2 Nf6 5. b3 Bd6 6. Bb2 Nc6 7. a3 h6 8. Bd3 Ne7 9. Ne5 Bxe5 10. dxe5 Nd7 11. Qe2 O-O 12. e4 Bh7 13. exd5 Nxd5 14. Bxh7+ Kxh7 15. g3 Qg5 16. h4 Qf5 17. O-O-O Nc5 18. Rdf1 Kg8 19. h5 Rad8 20. f4 Ne7 21. g4 Qh7 22. f5 exf5 23. gxf5 Nxf5 24. Qf2 Rxd2 25. Qxd2 Ng3 26. Qc3 Ne2+ 27. Kb1 Nxc3+ 28. Bxc3 Ne4 29. Be1 Re8 30. Rh3 Rxe5 31. Rd3 Nd6 32. Bc3 Re7 33. Rg1 f5 34. Rg6 f4 35. Kc1 Re3 36. Kd1 Rxd3+ 37. cxd3 Nf5 38. Be1 Ne7 0-1

[Event "5th Cesme Open 2017"]
[Site "Cesme"]
[Date "2017.06.14"]
[Round "4.22"]
[White "Rahmani, Jamshid"]
[Black "Yigiter, Fatih"]
[Result "1-0"]
[ECO "D03"]
[WhiteElo "1692"]
[BlackElo "1606"]
[Annotator "NA"]
[PlyCount "67"]
[EventType "swiss"]
[EventCountry "TUR"]
[SourceTitle "playchess.com"]
[Source "ChessBase"]
[SourceQuality "1"]
[TimeControl "5400+30"]

1. d4 d5 2. Nf3 Nf6 3. Bg5 e6 4. e3 Be7 5. Bd3 Nbd7 6. Nbd2 O-O 7. O-O c5 8. c3 Nh5 9. Bxe7 Qxe7 10. Ne5 g6 11. f4 cxd4 12. exd4 Qh4 13. Qf3 a6 14. Rae1 b5 15. g4 Nhf6 16. g5 Nxe5 17. Rxe5 Nh5 18. Re2 f6 19. Rg2 Ng7 20. Rg4 Qh5 21. Qg3 fxg5 22. Rxg5 Qh6 23. Rf2 Nh5 24. Qh4 Kh8 25. Be2 Ra7 26. Bxh5 gxh5 27. Rfg2 Raf7 28. Qg3 Qxg5 29. Qxg5 Bd7 30. Qe5+ Rf6 31. Nf3 Be8 32. Ng5 Bd7 33. Kf2 h6 34. Nxe6 1-0

[Event "5th Cesme Open 2017"]
[Site "Cesme"]
[Date "2017.06.14"]
[Round "4.23"]
[White "Alkan, Sukru"]
[Black "Bozkurt, Serkan"]
[Result "1/2-1/2"]
[ECO "A48"]
[WhiteElo "1571"]
[BlackElo "1589"]
[Annotator "NA"]
[PlyCount "114"]
[EventType "swiss"]
[EventCountry "TUR"]
[SourceTitle "playchess.com"]
[Source "ChessBase"]
[SourceQuality "1"]
[TimeControl "5400+30"]

1. d4 Nf6 2. Nf3 g6 3. Bf4 Bg7 4. e3 O-O 5. Be2 d6 6. Nbd2 c5 7. c3 Nc6 8. h3 Re8 9. O-O e5 10. dxe5 Nxe5 11. Nc4 Nxc4 12. Bxc4 d5 13. Bb5 Bd7 14. Qa4 Bxb5 15. Qxb5 Qb6 16. Qxb6 axb6 17. Rfd1 b5 18. a3 Ra6 19. Kf1 Rea8 20. Rac1 Rd8 21. Bg5 h6 22. Bxf6 Bxf6 23. Rc2 b4 24. axb4 cxb4 25. cxb4 Rb6 26. Rcd2 Rxb4 27. Rxd5 Rxd5 28. Rxd5 Rxb2 29. Rd2 Rb3 30. Nd4 Rb4 31. Ke2 Kf8 32. Kd3 Bxd4 33. exd4 Ke7 34. Kc3 Rb1 35. Kc4 Kd6 36. d5 h5 37. h4 f6 38. g3 g5 39. hxg5 fxg5 40. Kd4 h4 41. gxh4 gxh4 42. f4 h3 43. f5 Rb4+ 44. Ke3 Rh4 45. f6 h2 46. f7 Ke7 47. d6+ Kxf7 48. d7 Rh8 49. Rxh2 Rd8 50. Kd4 Rxd7+ 51. Kc5 Ke6 52. Kb6 Rg7 53. Rd2 Ke5 54. Rd1 Rf7 55. Rd2 Rg7 56. Rd1 Rf7 57. Rd2 Rg7 1/2-1/2

[Event "5th Cesme Open 2017"]
[Site "Cesme"]
[Date "2017.06.14"]
[Round "4.24"]
[White "Barik, Ertunc Bahadir"]
[Black "Mammadov, Anar"]
[Result "1-0"]
[ECO "A16"]
[WhiteElo "1538"]
[BlackElo "1687"]
[Annotator "NA RC"]
[PlyCount "71"]
[EventType "swiss"]
[EventCountry "TUR"]
[SourceTitle "playchess.com"]
[Source "ChessBase"]
[SourceQuality "1"]
[TimeControl "5400+30"]

1. c4 Nf6 2. Nc3 d5 3. cxd5 Nxd5 4. e4 Nxc3 5. bxc3 e5 6. Nf3 Bd6 7. Rb1 c6 8. Bc4 b5 9. Bb3 Bg4 10. d4 exd4 11. Qxd4 O-O 12. e5 Bxf3 13. exd6 Re8+ 14. Be3 Re4 15. Qd3 Bxg2 16. Rg1 Rg4 17. Bxf7+ Kh8 18. Qf5 Bh3 19. Rxg4 Nd7 20. Bg5 Bxg4 21. Qxg4 Nf6 22. Qe6 h6 23. Bxf6 Qxf6 24. Qxf6 gxf6 25. d7 Rd8 26. Be8 Kg7 27. a4 a6 28. axb5 axb5 29. c4 Kf8 30. cxb5 cxb5 31. Rxb5 Ke7 32. Rc5 Ra8 33. Rc8 Ra1+ 34. Ke2 Ra2+ 35. Kf3 Rd2 36. d8=Q+ 1-0

[Event "5th Cesme Open 2017"]
[Site "Cesme"]
[Date "2017.06.15"]
[Round "6.19"]
[White "Ozsakallioglu, Okan"]
[Black "Tuncer, Tuna"]
[Result "1/2-1/2"]
[ECO "B33"]
[WhiteElo "1925"]
[BlackElo "2302"]
[Annotator "ChessBase"]
[PlyCount "83"]
[EventType "swiss"]
[EventCountry "TUR"]
[SourceTitle "playchess.com"]
[Source "ChessBase"]
[SourceQuality "1"]
[TimeControl "5400+30"]

1. e4 c5 2. Nf3 Nc6 3. d4 cxd4 4. Nxd4 Nf6 5. f3 e5 6. Nb3 d6 7. Be3 Be6 8. c4 Be7 9. Nc3 O-O 10. Be2 Nh5 11. Qd2 Rc8 12. Nd5 h6 13. Nxe7+ Qxe7 14. O-O Rfd8 15. g3 Nf6 16. Rfd1 Rd7 17. Rac1 Rf8 18. Na5 Nh7 19. b4 f5 20. exf5 Rxf5 21. Nxc6 bxc6 22. b5 c5 23. Rc3 Kh8 24. a4 Rf8 25. a5 e4 26. f4 Nf6 27. Qc2 Bf5 28. b6 axb6 29. axb6 Rb8 30. Rb3 Rdb7 31. Rdb1 Nd7 32. g4 Bg6 33. f5 Bf7 34. Bf4 Kg8 35. Qd2 Ne5 36. Qc2 Nd7 37. Re3 Nf6 38. g5 hxg5 39. Bxg5 Rxb6 40. Rxb6 Rxb6 41. Bxf6 Qxf6 42. Qxe4 1/2-1/2